 Dungeon Crawl Stone Soup version 0.24.0-123-gd5b16e6ec5 (webtiles) character file.

Game seed: 4815706002108716986, levelgen mode: deterministic

189 Napalmbreeze the Cutter (level 5, -8/41 HPs)
             Began as a Gnoll Wanderer on Jan 23, 2020.
             Mangled by an ogre
             ... wielding a +0 giant club
              (27 damage)
             ... while paralysed by Grinder
             ... on level 4 of the Dungeon.
             The game lasted 00:06:02 (3015 turns).

Napalmbreeze the Cutter (Gnoll Wanderer)            Turns: 3015, Time: 00:06:03

Health: -8/41      AC:  7    Str: 14    XL:     5   Next: 68%
Magic:  7/7        EV:  2    Int: 14    God:
Gold:   120        SH:  0    Dex: 16    Spells: 7/7 levels left

rFire    . . .     SeeInvis .   b - +0 dagger (elec)
rCold    . . .     Gourm    .   n - +2 buckler
rNeg     . . .     Faith    .   l - +3 leather armour
rPois    .         Spirit   .   v - +0 helmet
rElec    .         Reflect  .   (no cloak)
rCorr    .         Harm     .   (no gloves)
MR       .....                  (no boots)
Stlth    +.........             (no amulet)
HPRegen  0.13/turn              e - ring of attention (curse)
MPRegen  0.10/turn              (no ring)

@: paralysed
A: distributed training, fangs 1, strong nose
a: no special abilities


You were on level 4 of the Dungeon.
You were not hungry.

You visited 1 branch of the dungeon, and saw 4 of its levels.

You collected 120 gold pieces.

Inventory:

Hand Weapons
 a - a +0 dagger of venom
 b - a +0 dagger of electrocution (weapon)
Armour
 l - a +3 leather armour (worn)
 n - a +2 buckler (worn)
 v - a +0 helmet (worn)
Jewellery
 e - a cursed ring of attention (left hand)
Scrolls
 o - 7 scrolls of identify {unknown}
 q - a scroll of magic mapping
 s - a scroll of teleportation {unknown}
 t - a scroll of enchant armour
 u - a scroll of blinking {unknown}
 w - a scroll of fear
 x - a scroll of fog {unknown}
Potions
 c - a potion of curing
 f - a potion of berserk rage {unknown}
 g - a potion of ambrosia {unknown}
 h - a potion of magic {unknown}
 i - a potion of brilliance {unknown}
 j - a potion of heal wounds {unknown}
 k - a potion of mutation {unknown}
 m - a potion of agility {unknown}
 p - a potion of might {unknown}
Comestibles
 d - 7 rations


   Skills:
 + Level 3.0 Fighting
 + Level 6.7 Short Blades
 + Level 1.5 Long Blades
 + Level 1.5 Axes
 + Level 1.5 Maces & Flails
 + Level 1.5 Polearms
 + Level 1.5 Staves
 + Level 1.5 Slings
 + Level 1.5 Bows
 + Level 3.0 Crossbows
 + Level 3.0 Throwing
 + Level 3.0 Armour
 + Level 4.8 Dodging
 + Level 2.8 Stealth
 + Level 1.5 Shields
 + Level 1.5 Unarmed Combat
 + Level 1.5 Spellcasting
 + Level 1.2 Conjurations
 + Level 1.2 Hexes
 + Level 1.2 Charms
 + Level 1.2 Summonings
 + Level 1.2 Necromancy
 + Level 1.2 Translocations
 + Level 1.2 Transmutations
 + Level 1.2 Fire Magic
 + Level 1.2 Ice Magic
 + Level 1.2 Air Magic
 + Level 1.2 Earth Magic
 + Level 1.2 Poison Magic
 + Level 1.7 Invocations
 + Level 1.5 Evocations


You had 7 spell levels left.
You didn't know any spells.
Your spell library was empty.

Dungeon Overview and Level Annotations

Branches:
Dungeon (4/15)
 Temple: D:4-7

Altars:

Shops:
D:4 (

Annotations:
D:4 Grinder


Innate Abilities, Weirdness & Mutations

Your experience applies equally to all skills.
You have very sharp teeth.
Your uncanny sense of smell can sniff out nearby items.


Message History

You stick the quokka like a pincushion!!!
You kill the quokka!
An ogre and Grinder come into view.
The ogre shouts!
You hear an angry hiss.
Grinder shouts!
An adder comes into view.
The adder misses you. You block the adder's attack.
A centaur comes into view.
Grinder gestures at you.
You suddenly lose the ability to move!
The centaur shouts!
The adder bites you but does no damage.
The centaur wields a +0 shortbow.
The centaur shoots an arrow.
The arrow hits you. The adder bites you.
The adder bites you but does no damage.
Grinder blinks!
The adder bites you but does no damage. x2
The adder bites you but does no damage. x3
The adder bites you. The ogre hits you with a +0 giant club!
The adder barely misses you. The adder bites you but does no damage.
The ogre hits you with a +0 giant club!!
Ouch! That really hurt!
You die...

.......####
..........#
..........#
..........#######.
.....!............
.................#
.................#
........S5.......#
.......cS@.......#
....∩...O.<......#
#########........#
#........#
#........#
##########


You could see Grinder, an ogre, a centaur and 2 adders.

Vanquished Creatures
  An orc wizard (D:3)
  Robin (D:3)
  3 adders
  An ooze (D:1)
  3 worms (D:2)
  3 dart slugs
  2 leopard geckos
  6 orcs
  2 ball pythons
  10 bats
  7 giant cockroaches
  17 goblins
  10 hobgoblins
  3 jackals (D:2)
  3 quokkas
  4 frilled lizards
  9 kobolds
  10 rats
95 creatures vanquished.

Vanquished Creatures (others)
  A bat (D:3)
1 creature vanquished.

Grand Total: 96 creatures vanquished

Notes
Turn   | Place    | Note
-------+----------+-------------------------------------------
     0 | D:1      | Napalmbreeze the Gnoll Wanderer began the quest for the
                  | Orb.
     0 | D:1      | Napalmbreeze set off with the following items: a +0 short
                  | sword, a +2 leather armour, a potion of curing, a ration
     0 | D:1      | Reached XP level 1. HP: 17/17 MP: 1/1
   144 | D:1      | Reached XP level 2. HP: 23/23 MP: 2/2
   324 | D:1      | Reached XP level 3. HP: 28/28 MP: 3/3
   781 | D:1      | Reached skill level 1 in Invocations
   998 | D:2      | Reached skill level 1 in Long Blades
   998 | D:2      | Reached skill level 1 in Axes
   998 | D:2      | Reached skill level 1 in Maces & Flails
   998 | D:2      | Reached skill level 1 in Polearms
   998 | D:2      | Reached skill level 1 in Staves
   998 | D:2      | Reached skill level 1 in Slings
   998 | D:2      | Reached skill level 1 in Bows
   998 | D:2      | Reached skill level 1 in Shields
   998 | D:2      | Reached skill level 1 in Unarmed Combat
   998 | D:2      | Reached skill level 1 in Spellcasting
   998 | D:2      | Reached skill level 1 in Evocations
  1136 | D:2      | Reached XP level 4. HP: 34/34 MP: 5/5
  1827 | D:3      | Noticed Robin
  1848 | D:2      | Reached skill level 1 in Conjurations
  1848 | D:2      | Reached skill level 1 in Hexes
  1848 | D:2      | Reached skill level 1 in Charms
  1848 | D:2      | Reached skill level 1 in Summonings
  1848 | D:2      | Reached skill level 1 in Necromancy
  1848 | D:2      | Reached skill level 1 in Translocations
  1848 | D:2      | Reached skill level 1 in Transmutations
  1848 | D:2      | Reached skill level 1 in Fire Magic
  1848 | D:2      | Reached skill level 1 in Ice Magic
  1848 | D:2      | Reached skill level 1 in Air Magic
  1848 | D:2      | Reached skill level 1 in Earth Magic
  1848 | D:2      | Reached skill level 1 in Poison Magic
  2050 | D:3      | Killed Robin
  2050 | D:3      | Reached XP level 5. HP: 26/40 MP: 6/6
  3004 | D:4      | Found Bavianecw's Weapon Boutique.
  3006 | D:4      | Noticed Grinder
  3006 | D:4      | Noticed an ogre
  3009 | D:4      | Noticed a centaur
  3010 | D:4      | Paralysed by Grinder for 6 turns
  3015 | D:4      | Mangled by an ogre

Levels and vault maps discovered:
D:1:      sevenhm_arrival_forest_fort_large_1, layout_basic, minmay_tromino_v4_a
D:2:      layout_basic, palyth_stone_intersect
D:3:      layout_rooms, uniq_robin
D:4:      layout_basic, nicolae_qazlal_general_emergency, first_ration,
          serial_shops, shop, shop_statue, shop, uniq_grinder

Skill      XL: |  1  2  3  4  5 |
---------------+----------------+-----
Invocations    | 1 |  1.7
Long Blades    | 1 |  1.5
Axes           | 1 |  1.5
Maces & Flails | 1 |  1.5
Polearms       | 1 |  1.5
Staves         | 1 |  1.5
Slings         | 1 |  1.5
Bows           | 1 |  1.5
Shields        | 1 |  1.5
Unarmed Combat | 1 |  1.5
Spellcasting   | 1 |  1.5
Evocations     | 1 |  1.5
Conjurations   | 1 |  1.2
Hexes          | 1 |  1.2
Charms         | 1 |  1.2
Summonings     | 1 |  1.2
Necromancy     | 1 |  1.2
Translocations | 1 |  1.2
Transmutations | 1 |  1.2
Fire Magic     | 1 |  1.2
Ice Magic      | 1 |  1.2
Air Magic      | 1 |  1.2
Earth Magic    | 1 |  1.2
Poison Magic   | 1 |  1.2
Fighting       | 3 |  3.0
Crossbows      | 3 |  3.0
Throwing       | 3 |  3.0
Armour         | 3 |  3.0
Short Blades   | |  6.7
Dodging        | |  4.8
Stealth        | |  2.8

Action                   |  1- 3 |  4- 6 || total
-------------------------+-------+-------++-------
Melee: Short sword       |   138 |       ||   138
       Bite              |    19 |    25 ||    44
       Dagger            |    55 |   242 ||   297
  Use: Scroll            |     3 |       ||     3
 Stab: Sleeping          |       |     3 ||     3
  Eat: Chunk             |     1 |     6 ||     7
Armor: Leather armour    |    57 |    68 ||   125
Dodge: Dodged            |   142 |   141 ||   283
Block: Buckler           |     6 |    79 ||    85
